 Dungeon Crawl Stone Soup version 0.18-a0-1267-gff090c1 (webtiles) character file.

32 RedPan the Sneak (level 3, 0/28 HPs)
             Began as a Naga Enchanter on Feb 7, 2016.
             Succumbed to an adder's poison
             ... on level 2 of the Dungeon.
             The game lasted 00:03:28 (1932 turns).

RedPan the Sneak (Naga Enchanter)                   Turns: 1932, Time: 00:03:28

Health: 0/28       AC:  3    Str: 10    XL:     3   Next: 25%
Magic:  1/7        EV: 10    Int: 14    God:
Gold:   69         SH:  0    Dex: 11    Spells: 2 memorised, 4 levels left

rFire  . . .     SeeInvis +     a - +1 dagger
rCold  . . .     Gourm    .     b - +1 robe
rNeg   . . .     Faith    .     (no shield)
rPois  +         Spirit   .     (no helmet)
rElec  .         Dismiss  .     (no cloak)
rCorr  .         Reflect  .     (no gloves)
SustAt .         Harm     .     (no barding)
MR     .....                    (no amulet)
Stlth  +++.......               (no ring)
                                h - -2 ring of intelligence (curse)

@: lethally poisoned (0 -> -3), very slightly contaminated, invisible, very
slow, not resistant to hostile enchantments, fairly stealthy
A: see invisible, deformed body, poison resistance, slowness 2, slow metabolism
1, spit poison 2, AC +1
a: Spit Poison


You were on level 2 of the Dungeon.
You were not hungry.

You visited 1 branch of the dungeon, and saw 2 of its levels.

You collected 69 gold pieces.

Inventory:

Hand Weapons
 a - a +1 dagger (weapon)
Armour
 b - a +1 robe (worn)
Jewellery
 h - a cursed -2 ring of intelligence (left hand)
Books
 c - a book of Maledictions

   Spells                             Type                      Level
   a - Corona                         Hexes                        1
   b - Ensorcelled Hibernation        Hexes/Ice                    2
   c - Confuse                        Hexes                        3
   d - Tukima's Dance                 Hexes                        3
   e - Dazzling Spray                 Conjuration/Hexes            3
Comestibles
 d - 2 bread rations
 f - a meat ration


   Skills:
 - Level 1.0 Short Blades
 - Level 1.5 Dodging
 - Level 4.4 Stealth
 + Level 2.8 Spellcasting
 + Level 3.6 Hexes


You had 4 spell levels left.
You knew the following spells:

 Your Spells              Type           Power        Failure   Level  Hunger
a - Corona                Hex            ##.....      6%          1    #......
b - Ensorcelled Hibernat  Hex/Ice        #.....       17%         2    ###....


Dungeon Overview and Level Annotations

Branches:
Dungeon (2/15)

Altars:


Innate Abilities, Weirdness & Mutations

You cannot wear boots.
Your serpentine skin is tough (AC +1).
You have supernaturally acute eyesight.
Armour fits poorly on your strangely shaped body.
Your system is resistant to poisons.
You cover ground very slowly.
You have a slow metabolism.
You can spit poison.


Message History

The helpless adder fails to defend itself.
You puncture the adder!
You kill the adder!
You have reached level 3!
Your experience leads to an increase in your attributes!
Your base attributes are Str 10, Int 15, Dex 11.
Increase (S)trength, (I)ntelligence, or (D)exterity?
You feel clever.
Your skin feels tougher.
There is a lethal amount of poison in your body!
There is a lethal amount of poison in your body!
There is a lethal amount of poison in your body!
There is a lethal amount of poison in your body!
There is a lethal amount of poison in your body!
There is a lethal amount of poison in your body!
There is a lethal amount of poison in your body!
* * * LOW HITPOINT WARNING * * *
You feel sick.
* * * LOW HITPOINT WARNING * * *
You feel sick.
You die...

### ..# ######.#
.....#.# ÷#<....#
...#...# #######
...#...########.....##..
..............'.@†......
##.....########.....##..
.....#.# #...(.#
..†..#.# #.#####
.....#.# #.# ##...#.#
#.. ##..#.. #.. ##.###
#.. ...


There were no monsters in sight!

Vanquished Creatures
  An adder (D:2)
  3 bats
  A giant cockroach (D:1)
  3 goblins
  5 hobgoblins (D:1)
  4 kobolds
  A giant newt (D:1)
  4 rats (D:1)
22 creatures vanquished.

Notes
Turn   | Place    | Note
--------------------------------------------------------------
     0 | D:1      | RedPan the Naga Enchanter began the quest for the Orb.
     0 | D:1      | Reached XP level 1. HP: 15/15 MP: 3/3
   874 | D:1      | Reached XP level 2. HP: 17/22 MP: 5/5
  1083 | D:1      | Learned a level 2 spell: Ensorcelled Hibernation
  1925 | D:2      | Reached XP level 3. HP: 2/28 MP: 0/7
  1926 | D:2      | HP: 1/28 [poisoned by an adder]
  1932 | D:2      | Succumbed to an adder's poison

Vault maps used:
D:1:      lightli_arrival_quake, minivault_14
D:2:      elyvilon_altar_4

Action                   || total
-------------------------++-------
Melee: Dagger            ||   110
 Cast: Corona            ||     1
       Ensorcelled Hiber ||     3
  Use: Scroll            ||     2
       Potion            ||     1
 Stab: Sleeping          ||     6
  Eat: Chunk             ||     2
